[Event "Early-Titled-Tuesday-Blitz-February-13-2024"]
[Site "Chess.com"]
[Date "2024.02.13"]
[Round "1"]
[White "vishwa_vijeta"]
[Black "FMCarmona"]
[Result "1-0"]
[WhiteElo "2615"]
[BlackElo "2252"]
[TimeControl "180+1"]
[EndTime "8:04:31 PST"]
[Termination "vishwa_vijeta won by resignation"]

1. e4 e5 2. Nf3 Nc6 3. d4 exd4 4. Bc4 Nf6 5. Ng5 Ne5 6. Qxd4 Nxc4 7. Qxc4 d5 8. exd5 Qxd5 9. Qe2+ Be7 10. O-O Bg4 11.
f3 Be6 12. Nc3 Bc5+ 13. Kh1 Qc4 14. Nxe6 Qxe6 15. Qb5+ Qc6 16. Re1+ Kd7 17. Qd3+ Bd6 18. Qf5+ Kd8 19. Bg5 1-0

[Event "Early-Titled-Tuesday-Blitz-February-13-2024"]
[Site "Chess.com"]
[Date "2024.02.13"]
[Round "1"]
[White "eagleclaw07"]
[Black "ilushka"]
[Result "1-0"]
[WhiteElo "2806"]
[BlackElo "2444"]
[TimeControl "180+1"]
[EndTime "8:04:36 PST"]
[Termination "eagleclaw07 won by resignation"]

1. d4 e6 2. c4 b6 3. e4 Bb7 4. Bd3 Bb4+ 5. Bd2 Bxd2+ 6. Qxd2 d6 7. Nc3 Ne7 8. Nf3 c5 9. O-O O-O 10. Rad1 Nd7 11. Bb1 Qc7 12. dxc5 Nxc5 13. Qxd6 Qxd6 14. Rxd6 Nc6 15. Rfd1 Rfd8 16. Rxd8+ Rxd8 17. Rxd8+ Nxd8 18. Nd4 Kf8 19. f3 Ke7 20. Kf2 g6 21. Ke3 e5 22.
Ndb5 Nc6 23. Nd5+ Ke6 24. b4 Nd7 25. a3 Ba6 26. Ba2 f5 27. Nbc7+ Kd6 28. Nxa6 f4+ 29. Kd3 1-0

[Event "Early-Titled-Tuesday-Blitz-February-13-2024"]
[Site "Chess.com"]
[Date "2024.02.13"]
[Round "1"]
[White "Actuary44"]
[Black "MatthewG-p4p"]
[Result "1-0"]
[WhiteElo "2485"]
[BlackElo "2827"]
[TimeControl "180+1"]
[EndTime "8:04:37 PST"]
[Termination "Actuary44 won by checkmate"]

1. e4 e6 2. d4 d5 3. Nc3 Bb4 4. e5 Ne7 5. f4 c5 6. dxc5 Nbc6 7. Nf3 O-O 8. Bd3 Bxc5 9. Bxh7+ Kxh7 10. Ng5+ Kg6 11.
Qg4 f5 12. Qg3 Qb6 13. Qh3 Nxe5 14. fxe5 f4 15. Qh7+ Kxg5 16. h4+ Kg4 17. Qxg7+ Kf5 18. Qg5# 1-0

[Event "Early-Titled-Tuesday-Blitz-February-13-2024"]
[Site "Chess.com"]
[Date "2024.02.13"]
[Round "1"]
[White "bazar-wokzal"]
[Black "rikchessmx"]
[Result "1-0"]
[WhiteElo "2651"]
[BlackElo "2313"]
[TimeControl "180+1"]
[EndTime "8:04:38 PST"]
[Termination "bazar-wokzal won by resignation"]

1. e4 e5 2. Bc4 Nc6 3. f4 exf4 4. d4 g5 5. h4 Bg7 6. c3 h6 7. hxg5 hxg5 8. Rxh8 Bxh8 9. Qh5 Qf6 10. e5 Nxe5 11. dxe5 Qxe5+ 12. Kf1 d5 13. Nf3 Qg7 14. Bxd5 Nf6 15.
Bxf7+ Ke7 16. Qxg5 Qxf7 17. Bxf4 Qg7 18. Qe5+ Be6 19.
Ng5 Qg8 20. Qxc7+ Nd7 21. Nd2 Bf6 22. Qd6+ Ke8 23. Nxe6 Be7 24. Qd5 Nb6 25. Nc7+ Kf8 26. Bh6+ 1-0

[Event "Early-Titled-Tuesday-Blitz-February-13-2024"]
[Site "Chess.com"]
[Date "2024.02.13"]
[Round "1"]
[White "HeroWilczek"]
[Black "Zohid6"]
[Result "0-1"]
[WhiteElo "2473"]
[BlackElo "2850"]
[TimeControl "180+1"]
[EndTime "8:04:41 PST"]
[Termination "Zohid6 won by resignation"]

1. e4 e5 2. Nf3 Nf6 3. Nxe5 d6 4.
Nf3 Nxe4 5. Bd3 Nf6 6. O-O d5 7. c3 Be7 8. Bc2 O-O 9. d4 h6 10.
Bf4 Bd6 11. Be5 Nc6 12. Re1 Bg4 13. h3 Bh5 14. Bxd6 cxd6 15. Nbd2 Qd7 16. Nf1 Rfe8 17.
Rxe8+ Rxe8 18. Ng3 Bg6 19. Bxg6 fxg6 20. Qc2 g5 21.
Re1 Rxe1+ 22. Nxe1 Qe6 23. Nf3 Ne7 24. a4 Kf7 25. Qd2 Ng6 26. Qe2 Nf4 27. Qxe6+ Kxe6 28. Kf1 Nd3 29. b4 Nb2 30. Ke2 Nxa4 31. Kd3 Ne4 32.
Nxe4 dxe4+ 33. Kxe4 Nxc3+ 34. Kd3 Nd5 35. Kc4 Nf4 36. g3 Nxh3 37. d5+ Kd7 0-1

[Event "Early-Titled-Tuesday-Blitz-February-13-2024"]
[Site "Chess.com"]
[Date "2024.02.13"]
[Round "1"]
[White "newyorkmouse"]
[Black "Irina_Mikhaylova"]
[Result "1-0"]
[WhiteElo "2639"]
[BlackElo "2289"]
[TimeControl "180+1"]
[EndTime "8:04:42 PST"]
[Termination "newyorkmouse won by resignation"]

1. Nf3 Nf6 2. c4 g6 3. b4 Bg7 4. Bb2 O-O 5. g3 c6 6. Bg2 d5 7.
cxd5 cxd5 8. O-O e6 9. Qb3 Bd7 10. d3 Nc6 11. Nbd2 a5 12. b5 a4 13. Qa3 Na5 14. Qxa4 Nc4 15. Qb4 Nxb2 16. Qxb2 Ne4 17.
d4 Qa5 18. a4 Rfc8 19. Nxe4 dxe4 20. Nd2 Qc3 21. Qxc3 Rxc3 22. Nxe4 Rc4 23. e3 Bf8 24. Nf6+ 1-0

[Event "Early-Titled-Tuesday-Blitz-February-13-2024"]
[Site "Chess.com"]
[Date "2024.02.13"]
[Round "1"]
[White "sergoy"]
[Black "Dinamo3"]
[Result "1-0"]
[WhiteElo "2971"]
[BlackElo "2523"]
[TimeControl "180+1"]
[EndTime "8:04:44 PST"]
[Termination "sergoy won by resignation"]

1. d4 Nf6 2. c4 g6 3. Nc3 Bg7 4. e4 d6 5. Nf3 O-O 6. Be2 e5 7. O-O Nc6 8. d5 Ne7 9. b4 a5 10. bxa5 Rxa5 11. a4 b6 12. Nd2 Nd7 13. Nb3 Ra8 14.
a5 bxa5 15. Be3 f5 16. f3 Ba6 17. Nxa5 Nb6 18. c5 Bxe2 19. Qxe2 dxc5 20. Bxc5 Re8 21. Nc6 Nxc6 22. dxc6 Bf8 23. Bxb6 cxb6 24. Nd5 Bc5+ 25. Kh1 Qd6 26. Rxa8 Rxa8 27. c7 Rc8 28. Qa6 Rxc7 29.
Nxc7 Qxc7 30. Rd1 Bd4 31. exf5 gxf5 32. Qd3 Qc8 33. f4 Qe6 34. fxe5 Bxe5 35. Re1 Qf6 36. Qd5+ 1-0

[Event "Early-Titled-Tuesday-Blitz-February-13-2024"]
[Site "Chess.com"]
[Date "2024.02.13"]
[Round "1"]
[White "ChessRespected"]
[Black "Hikaru"]
[Result "0-1"]
[WhiteElo "2550"]
[BlackElo "3381"]
[TimeControl "180+1"]
[EndTime "8:04:48 PST"]
[Termination "Hikaru won by resignation"]

1. d4 g6 2. e4 Bg7 3. Nc3 c6 4.
f4 d5 5. e5 h5 6. Nf3 Bg4 7. h3 Bxf3 8. Qxf3 e6 9. Be3 h4 10. Bd3 Ne7 11. Ne2 Nf5 12. Bf2 Nd7 13. a4 a5 14. c3 Bf8 15. O-O Rc8 16. Rac1 Be7 17. Bxf5 exf5 18. e6 fxe6 19. Qe3 Kf7 20. Kh1 Nf6 21. Ng1 Ne4 22. Nf3 g5 23. fxg5 Bxg5 24.
Ne5+ Ke8 25. Qf3 Bxc1 26. Rxc1 Qg5 27. Re1 Rc7 28. c4 Rg7 29. cxd5 exd5 30. Be3 Qg3 31. Rf1 Qxf3 32. Rxf3 Rhg8 0-1

[Event "Early-Titled-Tuesday-Blitz-February-13-2024"]
[Site "Chess.com"]
[Date "2024.02.13"]
[Round "1"]
[White "NanMKKhineHlyan"]
[Black "xakevicius91"]
[Result "0-1"]
[WhiteElo "1783"]
[BlackElo "2551"]
[TimeControl "180+1"]
[EndTime "8:04:48 PST"]
[Termination "xakevicius91 won by resignation"]

1. e4 c5 2. f4 Nc6 3. Nf3 d5 4.
e5 Bg4 5. Be2 Nh6 6. O-O e6 7. c3 Nf5 8. Na3 c4 9. Nc2 Bc5+ 10. Kh1 h5 11. d4 cxd3 12. Qxd3 h4 13.
h3 Ng3+ 14. Kh2 Bf5 15. Qd1 Nxf1+ 16. Bxf1 Qe7 17. Ncd4 Be4 18. Nb5 a6 19. b4 axb5 20. bxc5 Qxc5 21. Qe1 Bxf3 22. gxf3 b4 23. Be3 Qxc3 24.
Qxc3 bxc3 25. Bb5 Ra5 26. a4 O-O 27. Bc5 Rc8 28. Bb6 Raa8 29. a5 c2 30. Rc1 Nxa5 31. Bd7 Nb3 32. Bxc8 Rxc8 33. Rxc2 Rxc2+ 0-1

[Event "Early-Titled-Tuesday-Blitz-February-13-2024"]
[Site "Chess.com"]
[Date "2024.02.13"]
[Round "1"]
[White "Andreikka"]
[Black "Jaka_Brilej"]
[Result "1-0"]
[WhiteElo "2975"]
[BlackElo "2525"]
[TimeControl "180+1"]
[EndTime "8:04:50 PST"]
[Termination "Andreikka won by resignation"]

1. e4 e5 2. Nf3 Nc6 3. Bb5 a6 4. Ba4 Nf6 5. O-O d6 6. Bxc6+ bxc6 7. d4 Nd7 8. Nc3 Be7 9. Ne2 O-O 10. Ng3 Bb7 11.
Re1 c5 12. dxe5 Nxe5 13. Nxe5 dxe5 14. Nf5 Bf6 15. Qe2 g6 16. Nh6+ Kh8 17. Qc4 Qd4 18. Nxf7+ Kg8 19. Nxe5+ Kg7 20. Qxd4 cxd4 21. Nd7 Rf7 22.
Nxf6 Rxf6 23. b3 Rc6 24. Re2 Re6 25. f3 c5 26. Bb2 Kf7 27. c3 d3 28. Rd2 Rd8 29. c4 1-0

[Event "Early-Titled-Tuesday-Blitz-February-13-2024"]
[Site "Chess.com"]
[Date "2024.02.13"]
[Round "1"]
[White "Virgo15"]
[Black "wild3000"]
[Result "1-0"]
[WhiteElo "2768"]
[BlackElo "2426"]
[TimeControl "180+1"]
[EndTime "8:04:50 PST"]
[Termination "Virgo15 won by resignation"]

1. d4 d5 2. c4 e6 3. Nf3 Nf6 4. g3 Bb4+ 5. Nbd2 a5 6. Bg2 O-O 7. O-O a4 8. Qc2 Nc6 9. a3 Be7 10. Rd1 Bd7 11. e4 dxe4 12. Nxe4 Na5 13. Nxf6+ Bxf6 14. Bf4 Nb3 15. Rab1 Qc8 16. Ne5 Rd8 17.
Be4 g6 18. Ng4 Bg7 19. Be5 Bc6 20. Bxc6 bxc6 21. Nf6+ Kh8 22. Qe4 Qa6 23. Qh4 h6 24.
Ng4 h5 25. Qg5 Kg8 26. Bxg7 Kxg7 27. Qh6+ 1-0

[Event "Early-Titled-Tuesday-Blitz-February-13-2024"]
[Site "Chess.com"]
[Date "2024.02.13"]
[Round "1"]
[White "SnekkerAndersen"]
[Black "imdarealist"]
[Result "1-0"]
[WhiteElo "2641"]
[BlackElo "2293"]
[TimeControl "180+1"]
[EndTime "8:05:02 PST"]
[Termination "SnekkerAndersen won by resignation"]

1. d4 d5 2. c4 e6 3. Nf3 Nf6 4.
g3 Bb4+ 5. Bd2 Be7 6. Qc2 O-O 7. Bg2 c6 8. O-O b6 9. Bf4 Bb7 10. Nbd2 Nbd7 11. e4 dxe4 12. Nxe4 Nxe4 13. Qxe4 Nf6 14. Qe2 c5 15. Rad1 Qc8 16. d5 Rd8 17. dxe6 Qxe6 18.
Qxe6 fxe6 19. Ng5 Bxg2 20. Kxg2 a6 21. Nxe6 Rxd1 22. Rxd1 b5 23. b3 bxc4 24. bxc4 a5 25. Rb1 Kf7 26. Ng5+ Ke8 27. Rb7 a4 28. Ne6 Nh5 29.
Nc7+ 1-0

[Event "Early-Titled-Tuesday-Blitz-February-13-2024"]
[Site "Chess.com"]
[Date "2024.02.13"]
[Round "1"]
[White "Alenzer"]
[Black "KamlaPasand"]
[Result "0-1"]
[WhiteElo "2118"]
[BlackElo "2573"]
[TimeControl "180+1"]
[EndTime "8:05:02 PST"]
[Termination "KamlaPasand won on time"]

1. d4 d6 2. e4 Nf6 3. Nc3 g6 4.
Bg5 Bg7 5. Qd2 h6 6. Bh4 g5 7. Bg3 c6 8. O-O-O b5 9. f4 b4 10. Nce2 Qa5 11. Kb1 Nxe4 12. Qe3 f5 13. Nf3 Be6 14.
Nc1 g4 15. Nd2 Bd5 16. Nxe4 Bxe4 17. Bd3 Qd5 18. Bxe4 Qxe4 19. Qxe4 fxe4 20. Rde1 d5 21. Bh4 Nd7 22. Rhf1 Nb6 23. Ne2 Nc4 0-1

[Event "Early-Titled-Tuesday-Blitz-February-13-2024"]
[Site "Chess.com"]
[Date "2024.02.13"]
[Round "1"]
[White "semchik73"]
[Black "Adar_07"]
[Result "0-1"]
[WhiteElo "2429"]
[BlackElo "2770"]
[TimeControl "180+1"]
[EndTime "8:05:03 PST"]
[Termination "Adar_07 won by resignation"]

1. Nf3 Nf6 2. c4 e6 3. d4 d5 4. Nc3 dxc4 5. e4 a6 6. Bxc4 b5 7. Bd3 Bb7 8. e5 Nd5 9. O-O Be7 10. Ne4 Nd7 11. Nfg5 O-O 12. Qh5 h6 13. Nf3 f5 14.
Bxh6 gxh6 15. Qg6+ Kh8 16. Qxh6+ Kg8 17. Qxe6+ Rf7 18.
Neg5 Bxg5 19. Qg6+ Rg7 20. Qe6+ Kh8 21. Qxf5 Nf4 22.
h4 Bxf3 23. hxg5 Qxg5 24. g3 Qxf5 25. Bxf5 Ne2+ 26. Kh2 Rf8 27. Be6 Rh7+ 28. Bh3 Bg4 0-1

[Event "Early-Titled-Tuesday-Blitz-February-13-2024"]
[Site "Chess.com"]
[Date "2024.02.13"]
[Round "1"]
[White "CMmauricio"]
[Black "Seinw1"]
[Result "1-0"]
[WhiteElo "2850"]
[BlackElo "2474"]
[TimeControl "180+1"]
[EndTime "8:05:06 PST"]
[Termination "CMmauricio won by resignation"]

1. d4 Nf6 2. e3 d5 3. f4 b6 4. Nf3 Bb7 5. Bd3 Nbd7 6. c3 Ne4 7. O-O Ndf6 8. Ne5 e6 9. Bb5+ Ke7 10. b3 Nd6 11. Bd3 Nfe4 12. Bb2 f6 13.
Nf3 c5 14. Nbd2 g6 15. Rc1 Bg7 16. Qe2 Re8 17. Rfd1 Kf8 18. c4 cxd4 19. Nxd4 f5 20. cxd5 exd5 21. Nxe4 Nxe4 22. Bxe4 Rxe4 23. Qd2 Qe7 24.
Rc3 Bxd4 25. exd4 Re2 26. Ba3 Rxd2 27. Bxe7+ Kxe7 28. Rxd2 Ba6 29. Rc7+ Kd6 30. Rxh7 Re8 31. Rg7 Re1+ 32. Kf2 Rf1+ 33. Kg3 Re1 34. Rxg6+ 1-0

[Event "Early-Titled-Tuesday-Blitz-February-13-2024"]
[Site "Chess.com"]
[Date "2024.02.13"]
[Round "1"]
[White "SantoBlue"]
[Black "MrChessSponge"]
[Result "1-0"]
[WhiteElo "2959"]
[BlackElo "2518"]
[TimeControl "180+1"]
[EndTime "8:05:11 PST"]
[Termination "SantoBlue won by checkmate"]

1. e4 c5 2. Nf3 d6 3. Bb5+ Nd7 4. c3 Nf6 5. Qe2 e6 6. d4 cxd4 7. cxd4 d5 8. e5 Ne4 9. O-O Be7 10. Nbd2 Nxd2 11.
Bxd2 O-O 12. Bd3 Nb6 13. g3 Bd7 14. h4 Nc4 15. Bf4 Rc8 16. Kg2 Qb6 17. Bxh7+ Kxh7 18. Ng5+ Bxg5 19. hxg5 Kg6 20. Rh1 Rh8 21. Qd3+ f5 22. exf6+ Kf7 23. Rh7 Rcg8 24. Rah1 Rxh7 25. Qxh7 Qxd4 26.
g6+ Kxf6 27. Qh4+ Kf5 28. Qh5+ Kf6 29. Qg5# 1-0

[Event "Early-Titled-Tuesday-Blitz-February-13-2024"]
[Site "Chess.com"]
[Date "2024.02.13"]
[Round "1"]
[White "Juwen"]
[Black "Chesstiger64"]
[Result "1/2-1/2"]
[WhiteElo "2628"]
[BlackElo "2298"]
[TimeControl "180+1"]
[EndTime "8:05:15 PST"]
[Termination "Game drawn by agreement"]

1. d4 d6 2. Nf3 Bg4 3. Nbd2 Nd7 4. h3 Bh5 5. g3 e5 6. dxe5 Nxe5 7. Bg2 c6 8. O-O Nf6 9. c4 Nxf3+ 10. Nxf3 Be7 11. b3 O-O 12. Bb2 Qc7 13. Qd4 Bxf3 14. Bxf3 Rfe8 15.
Rad1 a5 16. Rfe1 a4 17. b4 Rad8 18. g4 Bf8 19. a3 Qe7 20. e3 Nd7 21. Bg2 Ne5 22.
f4 Ng6 23. b5 d5 24. cxd5 cxd5 25. Bxd5 Qh4 26. Kg2 Rxd5 27. Qxd5 Nxf4+ 28. exf4 Rxe1 29. Rxe1 Qxe1 30. Qd3 Qe6 31. Kg3 Qa2 32. Qd4 Qb3+ 1/2-1/2

[Event "Early-Titled-Tuesday-Blitz-February-13-2024"]
[Site "Chess.com"]
[Date "2024.02.13"]
[Round "1"]
[White "dropstoneDP"]
[Black "Kaua18"]
[Result "1-0"]
[WhiteElo "3070"]
[BlackElo "2542"]
[TimeControl "180+1"]
[EndTime "8:05:16 PST"]
[Termination "dropstoneDP won by resignation"]

1. e4 e6 2. d4 d5 3. e5 c5 4. c3 Nc6 5. Nf3 Qb6 6. a3 c4 7.
Nbd2 Na5 8. Be2 Bd7 9. Rb1 Rc8 10. O-O Qc7 11. h4 Ne7 12. h5 Nec6 13. Re1 h6 14.
Nf1 Be7 15. Bf4 f5 16. exf6 Qxf4 17. fxe7 Kxe7 18. g3 Qf7 19. N1h2 Qxh5 20. Ne5 Qg5 21. Bg4 h5 22. Bh3 Rh6 23. Nhf3 Qf6 24. Nxd7 Kxd7 25. Rxe6 Qxe6 26. Bxe6+ Rxe6 27. Ng5 Ree8 28. Qxh5 Kc7 29.
Qf7+ Re7 30. Qxd5 Rd8 31. Ne6+ 1-0

[Event "Early-Titled-Tuesday-Blitz-February-13-2024"]
[Site "Chess.com"]
[Date "2024.02.13"]
[Round "1"]
[White "MariamiJaniashvili"]
[Black "valorant64"]
[Result "0-1"]
[WhiteElo "2189"]
[BlackElo "2594"]
[TimeControl "180+1"]
[EndTime "8:05:19 PST"]
[Termination "valorant64 won by resignation"]

1. d4 e6 2. c4 d5 3. cxd5 exd5 4. Nc3 Nf6 5. Bg5 c6 6. Qc2 Be7 7. e3 Nbd7 8. Bd3 O-O 9. Nge2 h6 10. Bh4 Re8 11.
f3 c5 12. O-O c4 13. Bf5 Nf8 14. Bxc8 Rxc8 15. e4 dxe4 16. fxe4 Ng6 17. Bg3 Bb4 18. e5 Bxc3 19. bxc3 Nd5 20. Rf3 Qd7 21. Raf1 Re7 22. Be1 b5 23. a3 a6 24. Ng3 a5 25. Ne4 Qa7 26. Nd6 Rf8 27. Kh1 b4 28. axb4 axb4 29.
Nxc4 bxc3 30. Bxc3 Rc7 31. Nd6 Qa6 32. Ra1 Qxa1+ 33. Bxa1 Rxc2 34. Rf1 0-1

[Event "Early-Titled-Tuesday-Blitz-February-13-2024"]
[Site "Chess.com"]
[Date "2024.02.13"]
[Round "1"]
[White "kylelancman"]
[Black "FontVella8"]
[Result "0-1"]
[WhiteElo "2400"]
[BlackElo "2732"]
[TimeControl "180+1"]
[EndTime "8:05:21 PST"]
[Termination "FontVella8 won by resignation"]

1. d4 Nf6 2. Nf3 e6 3. e3 c5 4. Bd3 b6 5. O-O Bb7 6. b3 Be7 7.
Bb2 O-O 8. Nbd2 d6 9. Qe2 Nbd7 10. e4 Qc7 11. c4 cxd4 12. Nxd4 a6 13. Rac1 Rad8 14.
Kh1 Qb8 15. f3 Rfe8 16. Rfd1 Bf8 17. Qf2 d5 18. cxd5 exd5 19. Nc6 Bxc6 20. Rxc6 dxe4 21. Nxe4 Nxe4 22. Bxe4 Nc5 23. Rf1 Qf4 24. Qg3 Rxe4 25. Rxb6 Qxg3 26. hxg3 Re2 27. b4 Nd3 28. Bc3 Rxa2 29.
Ra1 Rxa1+ 30. Bxa1 Nxb4 31. Bc3 a5 32. Rb5 Rd3 0-1

[Event "Early-Titled-Tuesday-Blitz-February-13-2024"]
[Site "Chess.com"]
[Date "2024.02.13"]
[Round "1"]
[White "deribas12345"]
[Black "marsofsilva"]
[Result "1-0"]
[WhiteElo "2565"]
[BlackElo "2061"]
[TimeControl "180+1"]
[EndTime "8:05:25 PST"]
[Termination "deribas12345 won on time"]

1. d4 d5 2. c4 e6 3. Nc3 c5 4. e3 Nc6 5. Nf3 cxd4 6. exd4 Be7 7. cxd5 exd5 8. Bb5 Nf6 9. Ne5 Qb6 10.
O-O O-O 11. Re1 Nxd4 12. Be3 Bc5 13. Nd3 Nxb5 14. Bxc5 Nxc3 15. bxc3 Qc7 16. Bxf8 Kxf8 17. Qb3 Be6 18. Rac1 Rc8 19. Qa3+ Kg8 20. Qxa7 Ne4 21. Qd4 Nxc3 22. Nf4 g5 23. Nxe6 fxe6 24. Kh1 e5 25. Qxe5 1-0

[Event "Early-Titled-Tuesday-Blitz-February-13-2024"]
[Site "Chess.com"]
[Date "2024.02.13"]
[Round "1"]
[White "Manukyan_Artak"]
[Black "Jospem"]
[Result "0-1"]
[WhiteElo "2537"]
[BlackElo "3049"]
[TimeControl "180+1"]
[EndTime "8:05:26 PST"]
[Termination "Jospem won by resignation"]

1. e4 c5 2. Nf3 d6 3. Bb5+ Nd7 4. O-O a6 5. Bd3 Ngf6 6. Re1 b6 7. c3 Bb7 8. Bc2 e6 9. d4 Qc7 10. e5 dxe5 11.
dxe5 Nd5 12. Nbd2 Rd8 13. Qe2 Be7 14. Nf1 Nf8 15. Ng3 Ng6 16. Bg5 Bxg5 17. Nxg5 Ndf4 18. Qg4 Nxg2 19. Nh5 O-O 20. Re2 N2h4 21. Nxh7 Nf3+ 22.
Kf1 Nxh2+ 0-1

[Event "Early-Titled-Tuesday-Blitz-February-13-2024"]
[Site "Chess.com"]
[Date "2024.02.13"]
[Round "1"]
[White "Shahdad2007"]
[Black "LiamPutnam2008"]
[Result "0-1"]
[WhiteElo "2456"]
[BlackElo "2822"]
[TimeControl "180+1"]
[EndTime "8:05:26 PST"]
[Termination "LiamPutnam2008 won by resignation"]

1. Nf3 d5 2. g3 Nf6 3. Bg2 e6 4. O-O Be7 5. d4 O-O 6. c4 dxc4 7. Qc2 a6 8. a4 Nc6 9. Qxc4 Qd5 10. Qxd5 exd5 11. Nc3 Re8 12. Bg5 Be6 13. e3 Rad8 14.
Rac1 Nb4 15. Ne5 h6 16. Bxf6 Bxf6 17. Rfd1 c5 18. Nf3 c4 19. Bf1 Rb8 20. Kg2 b5 21. axb5 axb5 22. b3 Bf5 23. bxc4 dxc4 24. Nd2 Bc2 25. Re1 Nd3 26. Bxd3 Bxd3 27. Nd5 Bd8 28. Red1 Ba5 29. Nf4 Bf5 30. Nf3 Be4 31. d5 g5 32. Nh5 Bd8 33. g4 f5 34. h3 fxg4 35. hxg4 Rf8 0-1

[Event "Early-Titled-Tuesday-Blitz-February-13-2024"]
[Site "Chess.com"]
[Date "2024.02.13"]
[Round "1"]
[White "Lukianoo"]
[Black "Kotofeyca"]
[Result "1-0"]
[WhiteElo "2807"]
[BlackElo "2445"]
[TimeControl "180+1"]
[EndTime "8:05:27 PST"]
[Termination "Lukianoo won by resignation"]

1. e4 c5 2. Nf3 d6 3. d4 cxd4 4. Qxd4 a6 5. h3 Nc6 6. Qe3 Nf6 7. c4 e6 8. Be2 Be7 9. O-O O-O 10. Rd1 Qc7 11.
Nc3 Ne5 12. b3 Nxf3+ 13. Bxf3 Bd7 14. Bb2 Rab8 15. Rac1 Qa5 16. a3 Rfc8 17. Be2 b5 18.
b4 Qd8 19. c5 dxc5 20. e5 Ne8 21. bxc5 Bxc5 22. Qg3 Qb6 23. Ne4 Rb7 24. Rxc5 Rxc5 25.
Bd4 Qc6 26. Nxc5 Rc7 27. Bf3 Qb6 28. Nxd7 1-0

[Event "Early-Titled-Tuesday-Blitz-February-13-2024"]
[Site "Chess.com"]
[Date "2024.02.13"]
[Round "1"]
[White "LastHeroJr"]
[Black "mbojan"]
[Result "0-1"]
[WhiteElo "2490"]
[BlackElo "2879"]
[TimeControl "180+1"]
[EndTime "8:05:28 PST"]
[Termination "mbojan won by resignation"]

1. e4 g6 2. Nc3 Nf6 3. g3 d5 4. e5 Ne4 5. f4 Nxc3 6. bxc3 c5 7.
Bg2 Nc6 8. Ne2 Bg7 9. O-O O-O 10. d3 f6 11. d4 c4 12. h3 f5 13. Be3 Be6 14. Qb1 Rb8 15. a4 Qa5 16. Qb5 a6 17. Qxa5 Nxa5 18. Rfb1 Rfc8 19. Rb6 Rc6 20. Rab1 Bf7 21.
Kf2 e6 22. Rxc6 Nxc6 23. Ng1 Bf8 24. Nf3 Be7 25. g4 Be8 26. gxf5 gxf5 27. Ke2 Nd8 28. Ra1 Bh5 29. Kd2 h6 30. Bf2 Kf7 31. Bh1 Nc6 32. Rg1 Rg8 33. Rxg8 Kxg8 34. Bg2 Be8 35. Bh4 Bxh4 36. Nxh4 Ne7 37. a5 Bf7 38. Bf3 Nc6 39. Ng2 Nxa5 40. Ne3 Nc6 41. Kc1 b5 42. Kb2 a5 43. h4 Kf8 44. Bg2 Ke7 45. Bf3 Kd7 46. Nf1 Ne7 47. h5 Be8 48. Ng3 Nc8 49. Ne2 Nb6 50. Ng1 Bf7 51. Nh3 Na4+ 52. Kc1 Nxc3 53.
Ng5 Bg8 54. Kd2 b4 55. Nh3 a4 56. Kc1 a3 57. Ng1 b3 58. Kd2 b2 0-1

[Event "Early-Titled-Tuesday-Blitz-February-13-2024"]
[Site "Chess.com"]
[Date "2024.02.13"]
[Round "1"]
[White "Nemegejas"]
[Black "Rakesh"]
[Result "1-0"]
[WhiteElo "2839"]
[BlackElo "2465"]
[TimeControl "180+1"]
[EndTime "8:05:29 PST"]
[Termination "Nemegejas won by resignation"]

1. Nf3 Nf6 2. g3 d5 3. Bg2 c5 4.
O-O Nc6 5. d4 Bg4 6. Ne5 e6 7.
Nxg4 Nxg4 8. e4 Nf6 9. exd5 exd5 10. dxc5 Bxc5 11. Nc3 O-O 12. Nxd5 Nxd5 13. Qxd5 Qb6 14. c3 a5 15. Qb3 Qa7 16. Bf4 Rad8 17. Qc2 h6 18.
Rfe1 g5 19. Be3 Rfe8 20. Bxc5 Qxc5 21. Rad1 Rxe1+ 22. Rxe1 Nb4 23. Qe2 Nxa2 24. Bxb7 a4 25. Ra1 Nxc3 26. bxc3 Qxc3 27. Rxa4 Rd2 28. Qe3 Qb2 29.
Bf3 Qc2 30. Ra8+ 1-0

[Event "Early-Titled-Tuesday-Blitz-February-13-2024"]
[Site "Chess.com"]
[Date "2024.02.13"]
[Round "1"]
[White "faraone99"]
[Black "kids2010"]
[Result "1-0"]
[WhiteElo "2537"]
[BlackElo "2820"]
[TimeControl "180+1"]
[EndTime "8:05:30 PST"]
[Termination "faraone99 won by resignation"]

1. e4 c6 2. d4 d5 3. exd5 cxd5 4.
Bd3 Nc6 5. c3 g6 6. Nf3 Bf5 7.
Bf4 Nf6 8. O-O Bxd3 9. Qxd3 Bg7 10. Nbd2 O-O 11. Rfe1 e6 12. h3 Rc8 13. a4 Na5 14.
Ne5 Nd7 15. Nxd7 Qxd7 16. Qb5 Nc6 17. a5 Rfe8 18. Nb3 Bf8 19. Re2 Red8 20. Rae1 Be7 21. Bg3 Qe8 22. Qd3 Nb8 23. h4 Qa4 24. Nd2 Qxa5 25.
h5 Qa6 26. Qb1 Bf8 27. hxg6 hxg6 28. Rxe6 fxe6 29. Qxg6+ Bg7 30. Rxe6 Qb5 31. Re7 1-0

[Event "Early-Titled-Tuesday-Blitz-February-13-2024"]
[Site "Chess.com"]
[Date "2024.02.13"]
[Round "1"]
[White "DreamsAreFake"]
[Black "PoXerStar"]
[Result "1-0"]
[WhiteElo "2732"]
[BlackElo "2402"]
[TimeControl "180+1"]
[EndTime "8:05:30 PST"]
[Termination "DreamsAreFake won on time"]

1. Nf3 d5 2. g3 c6 3. Bg2 Bf5 4. O-O e6 5. d3 h6 6. c4 Nf6 7. cxd5 exd5 8. Nc3 Be7 9. Nd4 Bh7 10. e4 dxe4 11.
dxe4 O-O 12. Be3 Na6 13. Qe2 Re8 14. Rfd1 Qa5 15. a3 Rad8 16. Rac1 Qh5 17. f3 Nc5 18. b4 Ncd7 19. Nb3 b6 20. Na4 Ne5 21. Bd4 Bd6 22.
Rd2 Bb8 23. Rcd1 Bg6 24. Nb2 Nfd7 25. a4 Qg5 26. f4 Qe7 27. fxe5 Nxe5 28. Nc4 Qxb4 29.
Bxe5 Bxe5 30. Rxd8 1-0

[Event "Early-Titled-Tuesday-Blitz-February-13-2024"]
[Site "Chess.com"]
[Date "2024.02.13"]
[Round "1"]
[White "ChristianArca"]
[Black "KorolDimitriy75"]
[Result "1-0"]
[WhiteElo "2739"]
[BlackElo "2407"]
[TimeControl "180+1"]
[EndTime "8:05:32 PST"]
[Termination "ChristianArca won on time"]

1. d4 Nf6 2. Bf4 c5 3. d5 g6 4. Nc3 Bg7 5. e4 d6 6. Be2 O-O 7. a4 Re8 8. Nf3 Na6 9. O-O Bg4 10. Nd2 Bxe2 11. Qxe2 e6 12. dxe6 Rxe6 13. Qf3 Nb4 14. Rac1 d5 15. Bg5 h6 16. Bh4 g5 17. Bg3 dxe4 18. Ndxe4 Nxe4 19. Nxe4 Qd4 20. Nc3 Nc6 21. Nb5 Qxa4 22. Nc7 Rae8 23. Nxe8 Rxe8 24. Rfe1 Nd4 25. Qd3 Rxe1+ 26. Rxe1 Qxc2 27. Re8+ Bf8 28. Qxc2 Nxc2 29. Bd6 1-0

[Event "Early-Titled-Tuesday-Blitz-February-13-2024"]
[Site "Chess.com"]
[Date "2024.02.13"]
[Round "1"]
[White "JiaHaoxiang"]
[Black "Mariia89"]
[Result "1-0"]
[WhiteElo "2591"]
[BlackElo "2176"]
[TimeControl "180+1"]
[EndTime "8:05:32 PST"]
[Termination "JiaHaoxiang won by checkmate"]

1. d4 Nf6 2. Bf4 c5 3. d5 d6 4.
Nc3 b5 5. Nxb5 Qa5+ 6. Nc3 Qb4 7. Qd2 Ba6 8. Nf3 g6 9. e3 Bxf1 10. Kxf1 Bg7 11. a3 Qb6 12. h4 h5 13. Ng5 Nbd7 14. Rb1 Ng4 15. f3 Nge5 16. Kf2 Nc4 17. Qe2 Nxb2 18.
Na4 Qb7 19. Nxb2 Bxb2 20. c3 Rb8 21. e4 c4 22. Bc1 Qb6+ 23. Kg3 Bxc3 24. Rxb6 Rxb6 25.
Qxc4 Be5+ 26. f4 Bg7 27. Qc8# 1-0